 Dungeon Crawl Stone Soup version 0.29.1-2-gbd0b4ee654 (webtiles) character file.

Game seed: 6291790782958707748

50 DildoBatman the Conjurer (level 4, 0/30 HPs)
             Began as a Formicid Conjurer on Nov 22, 2022.
             Slain by an orc
             ... wielding a +0 club
              (2 damage)
             ... on level 3 of the Dungeon.
             The game lasted 00:02:48 (1435 turns).

DildoBatman the Conjurer (Formicid Conjurer)        Turns: 1435, Time: 00:02:48

Health: 0/30       AC:  6    Str: 12    XL:     4   Next: 4%
Magic:  2/7        EV: 11    Int: 19    God:
Gold:   115        SH:  0    Dex: 12    Spells: 4/7 levels left

rFire   . . .      SeeInvis +   p - +0 spear
rCold   + . .      Faith    .   (no shield)
rNeg    . . .      Spirit   .   q - +2 leather armour {rC+}
rPois   .          Reflect  .   (helmet unavailable)
rElec   .          Harm     .   (no cloak)
rCorr   .          Rampage  .   e - +0 pair of gloves
Will    .....                   (no boots)
Stlth   ++........              (no amulet)
HPRegen 0.10/turn               (no ring)
MPRegen 0.10/turn               (no ring)

@: no status effects
A: permanent stasis, dig shafts and tunnels, antennae 3, four strong arms
a: Dig, Shaft Self


You were on level 3 of the Dungeon.
You visited 1 branch of the dungeon, and saw 3 of its levels.

You collected 115 gold pieces.

Inventory:

Hand Weapons
 p - a +0 spear (weapon)
Missiles
 f - 6 poisoned darts
 l - 12 stones
 r - 4 datura-tipped darts
Armour
 e - a +0 pair of gloves (worn)
 q - a +2 leather armour of cold resistance (worn)
Scrolls
 a - a scroll of summoning {unknown}
 d - a scroll of silence {unknown}
 h - 2 scrolls of identify {unknown}
 n - a scroll of enchant armour {unknown}
 o - a scroll of immolation {unknown}
 s - a scroll of magic mapping {unknown}
 t - a scroll of fear {unknown}
Potions
 b - 3 potions of magic
 c - 2 potions of degeneration {unknown}
 g - a potion of berserk rage {unknown}
 i - a potion of might {unknown}
 j - a potion of curing {unknown}
 k - a potion of resistance {unknown}
 m - a potion of ambrosia {unknown}


   Skills:
 - Level 1.7 Dodging
 - Level 2.4 Stealth
 - Level 2.1 Spellcasting
 * Level 4.9 Conjurations


You had 4 spell levels left.
You knew the following spells:

 Your Spells              Type           Power      Damage    Failure   Level
a - Searing Ray           Conj           40%        2d5       4%          2
c - Magic Dart            Conj           80%        1d7       2%          1

Your spell library contained the following spells:

 Spells                   Type           Power      Damage    Failure   Level
 Dazzling Flash           Conj/Hex       22%        N/A       24%         3
 Portal Projectile        Hex/Tloc       4%         N/A       54%         3
 Tukima's Dance           Hex            2%         N/A       54%         3
 Fulminant Prism          Conj/Hex       5%         3d7       61%         4
 Iskenderun's Mystic Bla  Conj/Tloc      11%        2d4       61%         4
 Blade Hands              Tmut           1%         N/A       99%         5
 Dispersal                Tloc           1%         N/A       100%        6
 Disjunction              Tloc           1%         N/A       100%        8


Dungeon Overview and Level Annotations

Branches:
Dungeon (3/15)

Altars:
Dithmenos


Innate Abilities, Weirdness & Mutations

You cannot be hasted, slowed, berserked, paralysed or teleported.
You can dig through walls and to a lower floor.
You have a pair of large antennae on your head. (SInv)
Your four strong arms can wield two-handed weapons with a shield.


Message History

Anything else - Cancel.
You shout for attention!
The orc barely misses you. The orc hits you but does no damage.
What are your orders? t - Shout!
Orders for allies: a - Attack new target. r - Retreat! s - Stop attacking. g - Guard the area. f - Follow me.
Anything else - Cancel.
You shout for attention!
The orc barely misses you. The orc hits you with a +0 whip.
What are your orders? t - Shout!
Orders for allies: a - Attack new target. r - Retreat! s - Stop attacking. g - Guard the area. f - Follow me.
Anything else - Cancel.
You shout for attention!
The orc hits you but does no damage. The orc hits you with a +0 whip.
What are your orders? t - Shout!
Orders for allies: a - Attack new target. r - Retreat! s - Stop attacking. g - Guard the area. f - Follow me.
Anything else - Cancel.
You shout for attention!
The orc barely misses you. The orc hits you but does no damage.
What are your orders? t - Shout!
Orders for allies: a - Attack new target. r - Retreat! s - Stop attacking. g - Guard the area. f - Follow me.
Anything else - Cancel.
You shout for attention!
The orc hits you with a +0 club.
You die...

..o.........+
#o........#
#w......# {
#.....# ##...##
##'## #)#
######o#######
#....o@.......
#.###....#####
#.##.....#
#.###.##..)..#
#........#.#..#
#.###........#.#
##.#...###.#
#.###.# #.#
##.##.##.#


You could see 2 orcs.

Vanquished Creatures
  2 adders (D:2)
  2 worms (D:3)
  An orc (D:3)
  4 ball pythons (D:1)
  7 bats (D:1)
  A giant cockroach (D:1)
  A hobgoblin (D:1)
  A quokka (D:3)
  2 frilled lizards (D:1)
  4 goblins
  A kobold (D:2)
  A rat (D:2)
27 creatures vanquished.

Notes
Turn   | Place    | Note
-------+----------+-------------------------------------------
     0 | D:1      | DildoBatman the Formicid Conjurer began the quest for the
                  | Orb.
     0 | D:1      | Reached XP level 1. HP: 13/13 MP: 3/3
   135 | D:1      | Reached skill level 4 in Conjurations
   135 | D:1      | Reached XP level 2. HP: 19/19 MP: 0/5
   142 | D:1      | Learned a level 2 spell: Searing Ray
   247 | D:1      | Found a faded altar of an unknown god.
   691 | D:2      | Reached XP level 3. HP: 21/23 MP: 2/6
   766 | D:2      | Found a shadowy altar of Dithmenos.
  1418 | D:3      | Reached XP level 4. HP: 17/30 MP: 0/7
  1435 | D:3      | Slain by an orc

Illustrated notes

Levels and vault maps discovered:
D:1:      ncdulo_halloftheorcs, layout_rooms, nicolae_ecumenical_lake_church
D:2:      layout_basic, serial_aquarium, aquarium_bridge_straight
          [aquarium_subvault_bridge, aquarium_subvault_wall,
          aquarium_subvault_bridge, aquarium_subvault_window],
          aquarium_window_1, aquarium_window_fake, aquarium_view_2g,
          basic_altar, minivault_23
D:3:      layout_loops_corners, minitemple, hangedman_feature_mirror,
          minmay_puff

Skill      XL: |  1 |
---------------+----+-----
Conjurations   | 4 |  4.9
Dodging        | |  1.7
Stealth        | |  2.4
Spellcasting   | |  2.1

Action                   |  1- 3 |  4- 6 || total
-------------------------+-------+-------++-------
Melee: Unarmed           |     2 |       ||     2
       Dagger            |     9 |       ||     9
       Spear             |    17 |       ||    17
 Cast: Magic Dart        |    26 |       ||    26
       Searing Ray       |     3 |       ||     3
 Abil: Dig               |     2 |       ||     2
 Stab: Sleeping          |     1 |       ||     1
Armor: Robe              |     2 |       ||     2
       Leather armour    |     4 |     7 ||    11
Dodge: Dodged            |    16 |    16 ||    32
